 Dungeon Crawl Stone Soup version 0.31-a0-1074-g0b22e4e0f1 (webtiles) character file.

Game seed: 18355545790082378758

0 gekpol the Firebug (level 1, -3/13 HPs)
             Began as a Human Fire Elementalist on Dec 7, 2023.
             Slain by a worm (11 damage)
             ... on level 2 of the Dungeon.
             The game lasted 00:01:49 (128 turns).

gekpol the Firebug (Human Fire Elementalist)         Turns: 128, Time: 00:01:49

Health: -3/13      AC:  2    Str:  8    XL:     1   Next: 11%
Magic:  3/3        EV: 12    Int: 15    God:
Gold:   0          SH:  0    Dex: 13    Spells: 3/4 levels left

rFire   . . .        c - +2 whip (elec)
rCold   . . .        (no shield)
rNeg    . . .        a - +0 robe
rPois   .            (no helmet)
rElec   .            (no cloak)
rCorr   .            (no gloves)
SInv    .            (no boots)
Will    .....        (no amulet)
Stlth   ++           (no ring)
HPRegen 0.22/turn    (no ring)
MPRegen 0.08/turn

%: no passive effects
@: no status effects
A: no striking features
a: no special abilities


You were on level 2 of the Dungeon.
You visited 1 branch of the dungeon, and saw 2 of its levels.

Inventory:

Hand Weapons
 c - a +2 whip of electrocution (weapon)
Armour
 a - a +0 robe (worn)
 d - a +0 leather armour
Potions
 b - a potion of magic


   Skills:
 + Level 2.0 Dodging
 + Level 2.0 Stealth
 + Level 2.0 Spellcasting
 + Level 1.0 Conjurations
 + Level 3.0 Fire Magic


You had 3 spell levels left.
You knew the following spells:

 Your Spells              Type           Power      Damage    Failure   Level
a - Foxfire               Conj/Fire      28%        2x1d5     10%         1

Your spell library contained the following spells:

 Spells                   Type           Power      Damage    Failure   Level
 Scorch                   Fire           20%        2d5       10%         2
 Inner Flame              Hex/Fire       6%         N/A       34%         3
 Volatile Blastmotes      Fire/Tloc      12%        2d11      34%         3
 Flame Wave               Conj/Fire      7%         2d5       67%         4


Dungeon Overview and Level Annotations

Branches:
Dungeon (2/15)

Altars:


Message History

You climb downwards.
There is a stone staircase leading up here.
Found a runed whip.
You see here a +2 whip of electrocution.
You see here a +2 whip of electrocution.
c - a +2 whip of electrocution You hear the crackle of electricity.
c - a +2 whip of electrocution (weapon)
Found a leather armour.
You see here a +0 leather armour.
d - a +0 leather armour A frilled lizard comes into view.
The frilled lizard hisses angrily.
Found a scroll labelled VEM TUYXTOFU.
A quokka comes into view.
A worm comes into view.
The frilled lizard bites you.
You closely miss the frilled lizard. The frilled lizard misses you.
You miss the frilled lizard. The frilled lizard bites you.
You miss the frilled lizard. The frilled lizard bites you.
You barely miss the frilled lizard. The frilled lizard closely misses you.
You miss the frilled lizard. The frilled lizard closely misses you.
The frilled lizard bites you but does no damage.
You hit the frilled lizard.
Lightning courses through the frilled lizard!
You kill the frilled lizard!
The worm barely misses you. The worm attacks as it pursues you!
The worm closely misses you.
Casting: Foxfire (safe; 10% risk of failure)
Press: ? - help, Q - select action Dir - look around, f - activate
Okay, then.
A worm is nearby!
The worm closely misses you.
You hit the worm.
The worm is lightly wounded.
You hit the worm.
The worm is moderately wounded.
The worm bites you!
Ouch! That really hurt!
You die...

###########.#..######
#...................
#.######..#.#......
#.#.......#.#?....
###.#.#####.#.#....####
#...#.......#.#.......
#.#####.......#....###
#.............##w....#
#######.......##@###.#
#.......##.#...
#.......##.#.#.#
#..............#
#........#.#.###
#........#.#.###
#######.........
#....#.### #......#


You could see a worm.

Vanquished Creatures
  A frilled lizard (D:2)
1 creature vanquished.

Notes
Turn   | Place    | Note
-------+----------+-------------------------------------------
     0 | D:1      | gekpol the Human Fire Elementalist began the quest for the
                  | Orb.
     0 | D:1      | Reached XP level 1. HP: 13/13 MP: 3/3
   128 | D:2      | Slain by a worm

Illustrated notes

Levels and vault maps discovered:
D:1:      dpeg_arrival_windows_large_door, layout_loops_ring,
          shapermc_ecumenical_altar_rom_forum, minmay_misc_feat_rugged
D:2:      layout_basic, chequers_mini_garden, minmay_vboxes

Action                     || total
---------------------------++-------
  Melee: Whip              ||     8
 Armour: Robe              ||     5
  Dodge: Dodged            ||     6

Table legend: (Time is in decaauts)
 A = Elapsed time spent in this place.
 B = Non-inter-level travel time spent in this place.
 C = Inter-level travel time spent in this place.
 D = Time resting spent in this place.
 E = Time spent auto-exploring this place.
 F = Levels seen in this place.
 G = Mean time per level.
                   A        B        C        D        E       F      G
               +--------+--------+--------+--------+--------+-----+--------+
         Total |    127 |    127 |      0 |      0 |      0 |   2 |   63.5 |
       Dungeon |    127 |    127 |      0 |      0 |      0 |   2 |   63.5 |
               +--------+--------+--------+--------+--------+-----+--------+

Top non-repeatable levels by time:
     D:2: 78 daAuts
     D:1: 49 daAuts
